AoeStats
← 妓术总奸

Arabia

503594463Analyzed
3v3 RM · 1mo ago on Sep 1, 2026· 60m 4s· 6 players
Game mode
Random Map
Map size
Normal (6 player)
Population
200
Speed
Normal
Resources
Standard
Victory
Conquest
Starting age
Dark Age
Ending age
Imperial Age
RankedLock teamsTeams togetherTeam positionsShared explorationLock speedFull tech treeHidden civsTurbo modeCheats
Victory
Defeat
🇨🇦 Spanish · Canada
1126
+16
🇩🇪 Vietnamese · Germany
1088
+17
🇫🇷 Franks · France
1057
+19
🇭🇰 Koreans · Hong Kong SAR China
1317
-25
🇨🇳 Franks · China
1117
-17
🇨🇳 Cumans · China
927
-9
vegeta361287249
0:32 Loom
0:51 Loom
10:29 Feudal Age
17:26 Castle Age
16:19 Horse Collar
16:27 Double-Bit Axe
16:36 Gold Mining
25:49 Padded Archer Armor
27:15 Wheelbarrow
33:48 Imperial Age
32:18 Leather Archer Armor
35:28 Ring Archer Armor
36:55 Bloodlines
37:16 Husbandry
39:59 Hand Cart
40:08 Elite Conquistador
42:14 Chemistry
41:11 Town Watch
42:28 Conscription
43:06 Ballistics
43:00 Stone Mining
45:00 Fletching
49:25 Bodkin Arrow
50:28 Hoardings
60:40 Town Patrol
60:02 Pikeman
FBM
10:36 Feudal Age
11:04 Double-Bit Axe
14:16 Fletching
15:53 Padded Archer Armor
22:16 Castle Age
21:53 Forging
21:43 Scale Mail Armor
21:41 Gold Mining
22:52 Loom
25:33 Squires
26:17 Horse Collar
27:42 Wheelbarrow
27:41 Chain Mail Armor
28:07 Arson
33:18 Hand Cart
33:10 Stone Mining
34:09 Iron Casting
41:52 Bodkin Arrow
42:16 Town Watch
51:55 Bow Saw
56:23 Imperial Age
54:56 Leather Archer Armor
58:22 Chemistry
58:05 Bracer
58:30 Ballistics
Lester
10:09 Feudal Age
14:50 Castle Age
13:09 Double-Bit Axe
17:31 Loom
23:25 Wheelbarrow
25:50 Scale Barding Armor
25:56 Forging
27:45 Hand Cart
32:37 Imperial Age
30:38 Scale Mail Armor
32:58 Murder Holes
33:25 Town Watch
36:46 Conscription
36:48 #83
35:50 Elite Throwing Axeman
36:59 Chain Mail Armor
37:22 Iron Casting
37:51 Chain Barding Armor
37:24 Stone Mining
37:24 Gold Mining
39:38 Cavalier
40:19 Husbandry
41:37 Bow Saw
42:03 Plate Mail Armor
42:34 Blast Furnace
42:36 Paladin
43:55 Plate Barding Armor
43:11 Fletching
44:40 Ballistics
45:21 Chemistry
44:32 Masonry
44:33 Fortified Wall
57:30 Hoardings
57:53 Chivalry
妓术总奸
12:22 Feudal Age
12:57 Double-Bit Axe
12:55 Horse Collar
14:02 Wheelbarrow
15:20 Stone Mining
25:09 Forging
YUZ
9:10 Feudal Age
15:14 Castle Age
13:51 Double-Bit Axe
22:34 Scale Barding Armor
38:23 Wheelbarrow
41:21 Imperial Age
39:07 Husbandry
39:24 Forging
40:12 Bow Saw
39:57 Gold Mining
39:58 Stone Mining
40:31 Chain Barding Armor
40:47 Iron Casting
40:59 Fletching
41:10 Padded Archer Armor
43:11 Cavalier
44:43 Plate Barding Armor
48:18 Light Cavalry
50:21 Blast Furnace
_TY_Power
9:40 Loom
11:49 Feudal Age
12:28 Double-Bit Axe
13:32 Horse Collar
22:05 Castle Age
20:04 Fletching
21:11 Gold Mining
22:00 Wheelbarrow
21:57 Stone Mining
22:41 Crossbowman
23:23 Bodkin Arrow
24:30 Thumb Ring
26:49 Ballistics
33:26 Imperial Age
33:32 Imperial Age
32:25 Bow Saw
33:05 Gold Shaft Mining
32:35 Heavy Plow
33:42 Pikeman
36:59 Bracer
39:09 Stone Shaft Mining
39:09 Scale Mail Armor
39:20 Forging
41:49 Chemistry
41:25 Conscription
41:43 Chain Mail Armor
42:18 Iron Casting
42:08 Elite Fire Lancer
43:41 Plate Mail Armor
45:00 Two-Man Saw
46:03 Squires
45:49 Gambesons
45:50 Arson
46:36 Eupseong
46:43 Pikeman
48:14 Hand Cart
47:45 Halberdier
48:27 Town Watch
49:27 Scale Barding Armor
50:02 Murder Holes
50:18 Masonry
50:39 Arrowslits
51:00 Siege Engineers
57:27 Elite Skirmisher
Connection lost

Rejoining the realm…

Still unreachable

The connection could not be restored.

Session expired

The server has moved on; the page needs a fresh start.